 Dungeon Crawl Stone Soup version 0.30-a0-56-ge6a4009bfd (webtiles) character file.

Game seed: 13302007357329759175

2 jlumianski the Ducker (level 1, 0/16 HPs)
             Began as a Demonspawn Gladiator on Sept 10, 2022.
             Slain by a quokka (1 damage)
             ... on level 1 of the Dungeon.
             The game lasted 00:00:41 (404 turns).

jlumianski the Ducker (Demonspawn Gladiator)         Turns: 404, Time: 00:00:42

Health: 0/16       AC:  4    Str: 14    XL:     1   Next: 33%
Magic:  1/1        EV: 12    Int:  9    God:
Gold:   6          SH:  0    Dex: 14    Spells: 0/0 levels left

rFire   . . .      SeeInvis .    a - +0 war axe
rCold   . . .      Faith    .    (no shield)
rNeg    . . .      Spirit   .    b - +0 leather armour
rPois   .          Reflect  .    c - +0 helmet
rElec   .          Harm     .    (no cloak)
rCorr   .          Rampage  .    (no gloves)
Will    .....                    (no boots)
Stlth   +.........               (no amulet)
HPRegen 0.05/turn                (no ring)
MPRegen 0.07/turn                (no ring)

@: no status effects
A: no striking features
a: no special abilities


You were on level 1 of the Dungeon.
You visited 1 branch of the dungeon, and saw 1 of its levels.

You collected 6 gold pieces.

Inventory:

Hand Weapons
 a - a +0 war axe (weapon)
Missiles
 d - 3 throwing nets (quivered)
 e - a javelin
Armour
 b - a +0 leather armour (worn)
 c - a +0 helmet (worn)


   Skills:
 + Level 2.1 Fighting
 + Level 2.7 Axes
 + Level 1.7 Throwing
 + Level 2.7 Dodging


You couldn't memorise any spells.
You didn't know any spells.
Your spell library was empty.

Dungeon Overview and Level Annotations

Branches:
Dungeon (1/15)

Altars:


Message History

You hit the quokka.
The quokka is almost dead.
The quokka barely misses you.
You completely miss the quokka.
The quokka is severely wounded.
The quokka barely misses you. The quokka misses you.
You completely miss the quokka.
The quokka is severely wounded.
The quokka bites you. x2
You hit the quokka but do no damage.
The quokka is severely wounded.
The quokka bites you but does no damage.
You closely miss the quokka.
The quokka is severely wounded.
The quokka bites you. The quokka closely misses you.
You miss the quokka.
The quokka is heavily wounded.
The quokka bites you but does no damage.
The quokka completely misses you.
You closely miss the quokka.
The quokka is heavily wounded.
The quokka misses you.
You hit the quokka but do no damage.
The quokka is heavily wounded.
The quokka closely misses you. The quokka misses you.
You barely miss the quokka.
The quokka is heavily wounded.
The quokka completely misses you. The quokka closely misses you.
You barely miss the quokka.
The quokka is heavily wounded.
The quokka bites you.
* * * LOW HITPOINT WARNING * * *
You closely miss the quokka.
The quokka is heavily wounded.
The quokka bites you but does no damage.
The quokka barely misses you.
You miss the quokka.
The quokka is heavily wounded.
The quokka bites you.
You die...

# ..#### ##...
#.#....# ~≈≈≈≈#....
#.!....# ~~~≈≈#.><.
.....# .~~~≈≈#....
...# ..~~≈≈##...
####.######.~≈≈≈≈####
#........##.~~≈≈≈≈≈≈≈
#....###..#..~~≈≈≈≈≈≈
#...@# ##..#.~~~≈≈≈≈≈
#...r# ##....~~~≈≈~≈
#....# ##....~~~~~≈
#....# ##.....~~~~
#....# ##..#....~
#....# ##...##..
###### ###.....
######


You could see a quokka.

Vanquished Creatures
  An endoplasm (D:1)
  A ball python (D:1)
  A rat (D:1)
3 creatures vanquished.

Notes
Turn   | Place    | Note
-------+----------+-------------------------------------------
     0 | D:1      | jlumianski the Demonspawn Gladiator began the quest for the
                  | Orb.
     0 | D:1      | Reached XP level 1. HP: 16/16 MP: 1/1
   404 | D:1      | Slain by a quokka

Illustrated notes

Levels and vault maps discovered:
D:1:      minmay_arrival_shoal_huts, layout_basic,
          dreamdust_ecumenical_altar_angels_and_demons, minmay_box_of_dots

Action                   || total
-------------------------++-------
Melee: War axe           ||    25
Armor: Leather armour    ||     6
Dodge: Dodged            ||    21

Table legend: (Time is in decaauts)
 A = Elapsed time spent in this place.
 B = Non-inter-level travel time spent in this place.
 C = Inter-level travel time spent in this place.
 D = Time resting spent in this place.
 E = Time spent auto-exploring this place.
 F = Levels seen in this place.
 G = Mean time per level.
                   A        B        C        D        E       F      G
               +--------+--------+--------+--------+--------+-----+--------+
         Total |    412 |    412 |      0 |    236 |     89 |   1 |  412.0 |
       Dungeon |    412 |    412 |      0 |    236 |     89 |   1 |  412.0 |
               +--------+--------+--------+--------+--------+-----+--------+

Top non-repeatable levels by time:
     D:1: 412 daAuts
